 Dungeon Crawl Stone Soup version 0.19.1 (webtiles) character file.

21 CakeIsGreat the Digger (level 2, 15/15 HPs)
             Began as a Gargoyle Earth Elementalist on Dec 19, 2016.
             Quit the game on level 1 of the Dungeon.
             The game lasted 00:01:32 (1260 turns).

CakeIsGreat the Digger (GrEE)                       Turns: 1260, Time: 00:01:32

Health: 15/15      AC:  4    Str: 11    XL:     2   Next: 83%
Magic:  5/5        EV: 12    Int: 15    God:
Gold:   3          SH:  0    Dex: 10    Spells: 1 memorised, 5 levels left

rFire  . . .     SeeInvis .     (no weapon)
rCold  . . .     Gourm    .     c - +0 robe
rNeg   + . .     Faith    .     (no shield)
rPois  ∞         Spirit   .     (no helmet)
rElec  +         Reflect  .     (no cloak)
rCorr  .         Harm     .     (no gloves)
MR     .....                    (no boots)
Stlth  ++........               (no amulet)
                                (no ring)
                                (no ring)

@: no status effects
A: negative energy resistance 1, electricity resistance, unbreathing,
petrification resistance, rot immunity, AC +2
a: no special abilities


You were on level 1 of the Dungeon.
You were not hungry.

You visited 1 branch of the dungeon, and saw 1 of its levels.

You collected 3 gold pieces.

Inventory:

Hand Weapons
 h - a +0 whip
Missiles
 b - 78 stones (quivered)
Armour
 c - a +0 robe (worn)
Jewellery
 j - an uncursed ring of ice {unknown}
 k - an uncursed amulet of faith {unknown}
 l - an uncursed ring of flight {unknown}
Scrolls
 a - a scroll of noise {unknown}
 n - a scroll of identify {unknown}
Potions
 g - a potion of might {unknown}
 m - a potion of curing {unknown}
Books
 e - a book of Geomancy

   Spells                             Type                      Level
   a - Sandblast                      Earth                        1
   b - Passwall                       Transmutation/Earth          2
   c - Stone Arrow                    Conjuration/Earth            3
   d - Petrify                        Transmutation/Earth          4
   e - Lee's Rapid Deconstruction     Earth                        5
Comestibles
 d - a bread ration
 f - a chunk of flesh
 i - a royal jelly


   Skills:
 - Level 1.5 Dodging
 - Level 2.1 Stealth
 * Level 2.8 Spellcasting
   Level 0.7 Transmutations
 + Level 3.9 Earth Magic


You had 5 spell levels left.
You knew the following spells:

 Your Spells              Type           Power        Failure   Level  Hunger
a - Sandblast             Erth           ##....       4%          1    #......


Dungeon Overview and Level Annotations

Branches:
Dungeon (1/15)

Altars:
Qazlal


Innate Abilities, Weirdness & Mutations

You are resistant to torment.
Your stone body is resilient. (AC +2)
You are immune to poison.
You resist negative energy. (rN+)
You are resistant to electric shocks. (rElec)
You can survive without breathing.
You are immune to petrification.
You are immune to rotting.


Message History

A frilled lizard comes into view.
Casting: Sandblast
Confirm with . or Enter, or press ? or * to list all spells.
Aiming: Sandblast
Press: ? - help, Shift-Dir - straight line, f - frilled lizard
Aim: a frilled lizard (hasn't noticed you)
The blast of sand misses the frilled lizard.
Casting: Sandblast
Confirm with . or Enter, or press ? or * to list all spells.
Aiming: Sandblast
Press: ? - help, Shift-Dir - straight line, f/p - frilled lizard
Aim: a frilled lizard The blast of sand hits the frilled lizard.
You kill the frilled lizard!
You see here a frilled lizard corpse.
You butcher the frilled lizard corpse.
f - a chunk of flesh Done exploring.
Done exploring.
Are you sure you want to abandon this character and quit the game? (Confirm with "yes".)

##
#.##...##.#.......##
##.#. .#
#.........##.....##
###. .#
#.........###...####
#.. .#
#..............[...#
#.# .#
#.##...##..###.###.#
#.# .# #.##...##..#
#.# #.# #.# .#
#..........###.###.#
#.# .#
#####...........##.#
#.# ##
######@#.....#.# #.#
#.##...#..# #.#
#.........######.#
####..(..........#
##...##########
#####


There were no monsters in sight!

Vanquished Creatures
  A dart slug (D:1)
  A leopard gecko (D:1)
  A giant cockroach (D:1)
  A goblin (D:1)
  3 hobgoblins (D:1)
  A ball python (D:1)
  6 bats (D:1)
  A frilled lizard (D:1)
  A kobold (D:1)
  2 rats (D:1)
18 creatures vanquished.

Notes
Turn   | Place    | Note
-------+----------+-------------------------------------------
     0 | D:1      | CakeIsGreat the Gargoyle Earth Elementalist began the quest for the Orb.
     0 | D:1      | Reached XP level 1. HP: 10/10 MP: 3/3
     0 | D:1      | Found a stormy altar of Qazlal.
   266 | D:1      | Reached XP level 2. HP: 14/15 MP: 0/5
  1260 | D:1      | Quit the game

Action                   || total
-------------------------++-------
Melee: Unarmed           ||    12
 Cast: Sandblast         ||    39
  Eat: Chunk             ||     1
Armor: Robe              ||    13
Dodge: Dodged            ||    32
